[Event "Team 45 45 League T42"]
[Site "Internet Chess Club"]
[Date "2009.08.09"]
[Round "2"]
[White "jeffc0667"]
[Black "mickeys"]
[Result "1-0"]
[WhiteElo "1959"]
[BlackElo "1889"]
[Opening "QGA: classical, 8...Bb7"]
[ECO "D29"]
[Time "16:00:16"]
[TimeControl "2700+45"]

1. d4 d5 2. c4 dxc4 3. Nf3 Nf6 4. e3 e6 5. Bxc4 c5 6. O-O a6 7. Qe2 b5 8. Bb3
Bb7 9. Rd1 Nbd7 10. Nc3 Qb6 11. e4 cxd4 12. Rxd4 Bc5 13. Rd3 O-O 14. Bg5 h6 15.
Bh4 Rfe8 16. Rad1 e5 17. Rxd7 Nxd7 18. Rxd7 Rf8 19. Nxe5 Bc8 20. Rxf7 Rxf7 21.
Bxf7+ Kh8 22. Bd5 Ra7 23. Qh5 Bf8 24. Ng6+ {Black resigns} 1-0

[Event "Team 45 45 League T42"]
[Site "Internet Chess Club"]
[Date "2009.08.09"]
[Round "2"]
[White "MeanMrMustard"]
[Black "chess9793"]
[Result "1/2-1/2"]
[WhiteElo "1928"]
[BlackElo "1875"]
[Opening "Sicilian: accelerated fianchetto, Maróczy bind"]
[ECO "B36"]
[Time "17:00:06"]
[TimeControl "2700+45"]

1. e4 c5 2. Nf3 Nc6 3. d4 cxd4 4. Nxd4 g6 5. c4 Nf6 6. Nc3 d6 7. Be2 Bg7 8. Be3
Bd7 9. O-O O-O 10. Rc1 Nxd4 11. Bxd4 Bc6 12. f3 a5 13. Nd5 Nd7 14. Bxg7 Kxg7 15.
Qd4+ Kg8 16. Rfd1 Nc5 17. e5 Bxd5 18. cxd5 b6 19. f4 Rc8 20. Rc3 Nd7 21. Rxc8
Qxc8 22. Bg4 b5 23. e6 f5 24. exd7 Qxd7 25. Be2 b4 26. Qb6 Qa4 27. a3 Qc2 28.
Qe3 Qxb2 29. axb4 Qxb4 30. Qd4 Qxd4+ 31. Rxd4 Ra8 32. Bb5 Ra7 33. Kf2 Kf7 34.
Ra4 e6 35. Ke3 exd5 36. Kd4 Rc7 37. Rxa5 Rc2 38. Ra7+ Kf6 39. Rxh7 Rxg2 40. Kxd5
Rg4 41. Kxd6 Rxf4 42. Be8 Rd4+ 43. Kc5 Rd8 44. Bc6 Kg5 45. Bd5 Kf4 {Game drawn
by mutual agreement} 1/2-1/2

[Event "Team 45 45 League T42"]
[Site "Internet Chess Club"]
[Date "2009.08.10"]
[Round "2"]
[White "chess9397"]
[Black "HumanTornado"]
[Result "1-0"]
[WhiteElo "1893"]
[BlackElo "1893"]
[Opening "Sicilian: Grand Prix attack"]
[ECO "B23"]
[Time "23:01:04"]
[TimeControl "2700+45"]

1. e4 c5 2. Nc3 Nc6 3. f4 g6 4. Nf3 Bg7 5. Bb5 Nd4 6. Nxd4 cxd4 7. Ne2 a6 8. Bc4
e6 9. O-O b5 10. Bb3 Bb7 11. d3 Ne7 12. Qe1 a5 13. a4 b4 14. Qf2 Nc6 15. f5 gxf5
16. exf5 Qc7 17. fxe6 dxe6 18. Bg5 Be5 19. Qh4 Rg8 20. Rf2 Bxh2+ 21. Kh1 Be5 22.
Raf1 Ne7 23. Bxe7 Rxg2 24. Rxg2 Qxe7 25. Qxe7+ Kxe7 26. Rf2 Rg8 27. Kg1 Rxg2+
28. Rxg2 Bxg2 29. Kxg2 Kf6 30. Bc4 Kg5 31. Bb5 Bg7 32. Ng3 f5 33. Bd7 e5 34.
Nxf5 Bf8 35. Kg3 h5 36. Nh4 e4 37. dxe4 Bd6+ 38. Kh3 Kf4 39. Bf5 Bc5 40. Ng6+
Ke3 41. b3 d3 42. cxd3 Kxd3 43. e5+ Kc3 44. Be6 Kd4 45. Bc4 Ke4 46. e6 {Black
resigns} 1-0

[Event "Team 45 45 League T42"]
[Site "Internet Chess Club"]
[Date "2009.08.07"]
[Round "2"]
[White "Zyme"]
[Black "nobull"]
[Result "0-1"]
[WhiteElo "1430"]
[BlackElo "1473"]
[Opening "Grünfeld: modern exchange variation"]
[ECO "D85"]
[Time "10:14:38"]
[TimeControl "2700+45"]

1. d4 Nf6 2. c4 g6 3. Nc3 d5 4. cxd5 Nxd5 5. e4 Nxc3 6. bxc3 Bg7 7. Nf3 O-O 8.
Bc4 c5 9. O-O Bg4 10. Be3 cxd4 11. cxd4 Bxf3 12. gxf3 Nc6 13. Rb1 b6 14. d5 Ne5
15. Be2 Rc8 16. Rc1 Qd6 17. Qa4 Qd7 18. Qa6 Rxc1 19. Rxc1 Qh3 20. Qxa7 Nxf3+ 21.
Bxf3 Qxf3 22. Qxe7 Qg4+ 23. Kh1 Qh5 24. Qg5 Qf3+ 25. Qg2 Qf6 26. Qg3 Qb2 27. Qc7
Bd4 28. Bxd4 Qxd4 29. f3 Qe3 30. Kg2 Qg5+ 31. Kf1 Qe3 32. Qc3 Qf4 33. Rc2 Re8
34. Qd2 Qxf3+ 35. Kg1 Qxe4 36. d6 Qe1+ 37. Qxe1 Rxe1+ 38. Kf2 Rd1 39. Rc6 b5 40.
Ke2 Rd5 41. Rb6 Kf8 42. Ke3 Ke8 43. Ke4 Rd1 44. Ke5 Kd7 45. Rb7+ Kc6 46. Rc7+
Kb6 47. Rxf7 Rd2 48. Rxh7 Rxa2 49. Rg7 Rxh2 50. Rxg6 Kc6 51. Rg4 Rd2 52. Rg2
Rxg2 {White resigns} 0-1

[Event "Team 45 45 League T42"]
[Site "Internet Chess Club"]
[Date "2009.08.10"]
[Round "2"]
[White "SeniorCitizen"]
[Black "AlPearson"]
[Result "1-0"]
[WhiteElo "1324"]
[BlackElo "1399"]
[Opening "Alekhine's defense: modern variation, 4...Bg4"]
[ECO "B05"]
[Time "08:00:16"]
[TimeControl "2700+45"]

1. e4 Nf6 2. e5 Nd5 3. d4 d6 4. Nf3 Bg4 5. Be2 e6 6. c4 Nb6 7. exd6 cxd6 8. O-O
N8d7 9. b3 Be7 10. Be3 O-O 11. Nc3 a6 12. h3 Bh5 13. Nh2 Bg6 14. Bh5 Rc8 15. f4
Bf6 16. Bxg6 hxg6 17. Ng4 Re8 18. Qf3 e5 19. d5 e4 20. Nxe4 Rxe4 21. Qxe4 Bxa1
22. Rxa1 f5 23. Qe6+ Kh7 24. Qxd6 Na8 25. Nf2 b5 26. Qb4 bxc4 27. bxc4 Nab6 28.
Bxb6 Nxb6 29. Qa5 Nxc4 30. Qxa6 Ne3 31. d6 Nc4 32. Rd1 Kg8 33. d7 Rc7 34. Qxg6
Ne3 35. Qe8+ Qxe8 36. dxe8=Q+ Kh7 37. Qxe3 {Black resigns} 1-0

[Event "Team 45 45 League T42"]
[Site "Internet Chess Club"]
[Date "2009.08.09"]
[Round "2"]
[White "AtomicDog"]
[Black "radiohead"]
[Result "0-1"]
[WhiteElo "1349"]
[BlackElo "1366"]
[Opening "Sicilian: Alapin's variation (2.c3)"]
[ECO "B22"]
[Time "08:57:45"]
[TimeControl "2700+45"]

1. e4 c5 2. c3 d5 3. exd5 Qxd5 4. d4 e6 5. Nf3 Nf6 6. Na3 Nc6 7. Bc4 Qd8 8. O-O
Be7 9. dxc5 Bxc5 10. Qxd8+ Nxd8 11. Nb5 O-O 12. Nc7 Rb8 13. Bf4 Nh5 14. Be5 Nc6
15. Nb5 Nxe5 16. Nxe5 a6 17. Nd4 Bxd4 18. cxd4 Nf6 19. Rac1 b5 20. Bb3 Bb7 21.
Rc5 Rbc8 22. Rd1 Rfd8 23. Rxc8 Rxc8 24. f3 g6 25. a4 Rd8 26. axb5 axb5 27. Rd2
Nd7 28. f4 Nc5 29. Bc2 f5 30. b4 Ne4 31. Rd3 Kg7 32. Bb3 Bd5 33. Bxd5 Rxd5 34.
g4 h6 35. h3 Kf6 36. h4 g5 37. fxg5+ hxg5 38. h5 Kg7 39. gxf5 exf5 40. Ng6 Nf6
41. Ne7 Rd7 42. Nxf5+ Kh7 43. h6 Rd5 44. Ne7 Rd7 45. Nf5 Kg6 46. Ng7 Kxh6 47.
Ne6 Kg6 48. Nf8+ Kf7 49. Nxd7 Nxd7 50. Rf3+ Kg6 51. d5 Ne5 52. Rd3 Nxd3 {White
resigns} 0-1

[Event "Team 45 45 League T42"]
[Site "Internet Chess Club"]
[Date "2009.08.12"]
[Round "2"]
[White "MikeA"]
[Black "Traho"]
[Result "1-0"]
[WhiteElo "1332"]
[BlackElo "1250"]
[Opening "Caro-Kann: exchange variation"]
[ECO "B13"]
[Time "18:00:13"]
[TimeControl "2700+45"]

1. e4 c6 2. d4 d5 3. exd5 cxd5 4. Bd3 Nc6 5. c3 h6 6. Bf4 e6 7. Nf3 Bd6 8. Bxd6
Qxd6 9. O-O Nf6 10. Re1 O-O 11. Nbd2 Bd7 12. Ne5 Qc7 13. Ndf3 Nxe5 14. Nxe5 Nh7
15. Qc2 Ng5 16. h4 Ne4 17. Bxe4 dxe4 18. Nxd7 Qxd7 19. Rxe4 Rae8 20. Rae1 f5 21.
Re5 Rf6 22. Qb3 Kf8 23. d5 Kf7 24. dxe6+ Rfxe6 25. Rxe6 Rxe6 26. Qxe6+ Qxe6 27.
Rxe6 Kxe6 28. Kh2 Kd5 29. Kg3 g6 30. f4 h5 31. Kf3 Kc4 32. Ke3 b5 33. Kd2 a5 34.
b3+ Kd5 35. Kd3 Kc5 36. a3 b4 37. axb4+ axb4 38. c4 Kd6 39. Kd4 Kc6 40. c5 Kc7
41. Kd5 Kb7 42. Kd6 Kc8 43. c6 Kd8 44. c7+ Kc8 45. g3 Kb7 46. Kd7 {Black
resigns} 1-0

[Event "Team 45 45 League T42"]
[Site "Internet Chess Club"]
[Date "2009.08.06"]
[Round "2"]
[White "lw"]
[Black "rookmaster23"]
[Result "0-1"]
[WhiteElo "1539"]
[BlackElo "1474"]
[Opening "Sicilian: Smith-Morra gambit"]
[ECO "B21"]
[Time "20:00:38"]
[TimeControl "2700+45"]

1. e4 c5 2. d4 cxd4 3. c3 dxc3 4. Nxc3 Nc6 5. Nf3 Nf6 6. Bc4 e6 7. Bf4 Bb4 8.
O-O Bxc3 9. bxc3 Nxe4 10. Bd3 Nxc3 11. Qc2 Nd5 12. Bd6 Ndb4 13. Bxb4 Nxb4 14.
Qc3 Nxd3 15. Qxg7 Rf8 16. Qxh7 Nb4 17. Rfe1 d6 18. a3 Nc6 19. Rad1 Qe7 20. Rd2
d5 21. Rxd5 Qxa3 22. Ng5 Qc3 23. Rdd1 Qh8 24. Qf5 Ne7 25. Qb5+ Nc6 26. Qf5 Qh5
27. Qf6 Rh8 28. h3 Rg8 29. Nxe6 Bxe6 30. Rxe6+ fxe6 31. Qxe6+ Kf8 32. Rd7 Rg7
33. Qf6+ Rf7 34. Rxf7+ Qxf7 35. Qh8+ Qg8 36. Qf6+ Ke8 37. Qb2 Qh7 38. Qe2+ Kd7
39. Qg4+ Kc7 40. Qf4+ Kb6 41. Qe3+ Kb5 42. Qb3+ Nb4 43. Qe3 a5 44. Qe5+ Kb6 45.
Qd4+ Kc7 46. Qc5+ Nc6 47. Qg5 a4 48. Qf4+ Kd7 49. Qg4+ Ke7 50. Qg5+ Kf8 51. Qf6+
Qf7 52. Qh8+ Qg8 53. Qf6+ Ke8 54. Qf5 a3 55. Qe5+ Nxe5 {White resigns} 0-1

[Event "Team 45 45 League T42"]
[Site "Internet Chess Club"]
[Date "2009.08.10"]
[Round "2"]
[White "Fiercehermit"]
[Black "BotanicalKnight"]
[Result "0-1"]
[WhiteElo "1267"]
[BlackElo "1525"]
[Opening "Dutch defense"]
[ECO "A84"]
[Time "22:04:26"]
[TimeControl "2700+45"]

1. d4 f5 2. c4 e6 3. e3 Nf6 4. g3 d5 5. c5 a5 6. Bg2 Be7 7. Nf3 O-O 8. O-O c6 9.
Ne5 Ne4 10. Nc3 Nd7 11. Nxe4 fxe4 12. f4 exf3 13. Rxf3 Nxe5 14. dxe5 Bxc5 15.
Qe2 Rxf3 16. Bxf3 Qg5 17. Kg2 Qxe5 18. Bh5 Bd7 19. Rb1 Rf8 20. b3 Qe4+ {White
resigns} 0-1

[Event "Team 45 45 League T42"]
[Site "Internet Chess Club"]
[Date "2009.08.07"]
[Round "2"]
[White "IanT"]
[Black "BosqueVerde"]
[Result "1-0"]
[WhiteElo "1541"]
[BlackElo "1290"]
[Opening "Four knights: Italian variation"]
[ECO "C55"]
[Time "21:00:24"]
[TimeControl "2700+45"]

1. e4 e5 2. Nf3 Nc6 3. Bc4 Nf6 4. Nc3 Bb4 5. d3 O-O 6. Bg5 d6 7. O-O Bd7 8. Nd5
a6 9. Nxf6+ gxf6 10. Bh6 Re8 11. a3 b5 12. Bb3 Ba5 13. Nh4 Ne7 14. Qh5 Be6 15.
Bxe6 fxe6 16. Qg4+ Ng6 17. Nxg6 Kf7 18. Nh8+ Rxh8 19. Qg7+ Ke8 20. Qxh8+ Kd7 21.
Qxd8+ Rxd8 22. Rad1 c5 23. c3 Kc6 24. Bg7 f5 25. b4 Bb6 26. bxc5 Bxc5 27. d4
exd4 28. Bxd4 Bxa3 29. exf5 e5 30. Bxe5 d5 31. Ra1 Bb2 32. Rxa6+ Kc5 33. Bd4+
Kc4 34. Rc6+ Kb3 35. Rb1 Kc2 36. Re1 Ra8 37. h3 b4 38. Re2+ Kd3 39. Rxb2 bxc3
40. Bxc3 {Black resigns} 1-0

[Event "Team 45 45 League T42"]
[Site "Internet Chess Club"]
[Date "2009.08.09"]
[Round "2"]
[White "WzeroMN"]
[Black "Conjurer"]
[Result "1-0"]
[WhiteElo "1225"]
[BlackElo "1271"]
[Opening "Sicilian: Najdorf, Opocensky variation"]
[ECO "B92"]
[Time "13:00:21"]
[TimeControl "2700+45"]

1. e4 c5 2. Nf3 d6 3. d4 cxd4 4. Nxd4 Nf6 5. Nc3 a6 6. Be2 g6 7. b3 Bg7 8. Bb2
b5 9. Rb1 O-O 10. Bf3 e5 11. Nde2 Bb7 12. Ng3 Qb6 13. O-O Nbd7 14. Nd5 Nxd5 15.
exd5 b4 16. c4 bxc3 17. Bxc3 Rac8 18. Ba1 Rc5 19. Ne4 Bxd5 20. Nxc5 Qxc5 21.
Bxd5 Nf6 22. Bf3 Re8 23. Rc1 Qa5 24. a4 e4 25. Bc3 Qg5 26. Be2 a5 27. Qxd6 Nh5
28. Bxg7 Kxg7 29. Bxh5 Qxh5 30. Qd1 Qe5 31. Qc2 Qb8 32. Qc3+ {Black resigns} 1-0

[Event "Team 45 45 League T42"]
[Site "Internet Chess Club"]
[Date "2009.08.08"]
[Round "2"]
[White "Invicta-Knight"]
[Black "Andressa"]
[Result "1-0"]
[WhiteElo "1579"]
[BlackElo "1453"]
[Opening "King's pawn game"]
[ECO "C21"]
[Time "11:09:35"]
[TimeControl "2700+45"]

1. e4 e5 2. d4 d6 3. dxe5 Nc6 4. exd6 Qxd6 5. Qxd6 Bxd6 6. Nc3 Nd4 7. Bd3 Be6 8.
Be3 Nc6 9. Nb5 a6 10. Nxd6+ cxd6 11. c3 d5 12. Nf3 dxe4 13. Bxe4 Rb8 14. Bb6 Nf6
15. Bc2 Nd5 16. Bc5 b6 17. Ba3 h6 18. O-O Nce7 19. c4 Nf4 20. Rfe1 Nfg6 21. Ne5
Nxe5 22. Rxe5 Rb7 23. Ba4+ b5 24. cxb5 O-O 25. bxa6 Ra7 26. Bb5 g6 27. Bc5 Rc7
28. b4 Rfc8 29. Rd1 Nd5 30. Bc4 Nxb4 31. Bxe6 Rxc5 32. Bxc8 Rxe5 33. a7 Ra5 34.
Rd8+ Kg7 35. Ba6 Rxa2 36. h3 Rxa6 37. a8=Q Rxa8 38. Rxa8 Nd5 39. Ra5 Nf4 40. Kh2
h5 41. g3 Ne6 42. Kg2 Kh6 43. f3 f5 44. h4 Nd4 45. g4 hxg4 46. fxg4 Kh7 47. g5
Ne6 48. Ra7+ Ng7 49. Kf3 Kg8 50. Kf4 Nh5+ 51. Kf3 f4 52. Ra4 Kf7 53. Rxf4+ Nxf4
54. Kxf4 Ke6 55. Kg4 Kf7 56. h5 {Black resigns} 1-0

[Event "Team 45 45 League T42"]
[Site "Internet Chess Club"]
[Date "2009.08.08"]
[Round "2"]
[White "PANAMA-REY"]
[Black "allanchs"]
[Result "0-1"]
[WhiteElo "1467"]
[BlackElo "1546"]
[Opening "Bishop's opening"]
[ECO "C23"]
[Time "15:00:18"]
[TimeControl "2700+45"]

1. e4 e5 2. Bc4 Nc6 3. a3 Nf6 4. Nc3 Bc5 5. Nf3 d6 6. h3 Be6 7. d3 O-O 8. Bg5 h6
9. Bh4 a6 10. b4 Ba7 11. O-O Nd4 12. Nh2 c6 13. Kh1 d5 14. exd5 cxd5 15. Ba2 Rc8
16. Qd2 Nxc2 17. Ng4 Bxg4 18. hxg4 Nxa1 19. g5 hxg5 20. Bxg5 Nc2 21. Nxd5 Qd6
22. Nxf6+ gxf6 23. Bh6 Rfd8 24. Qe2 f5 25. Qh5 Qg6 26. Bxf7+ Qxf7 27. Qg5+ Kh8
28. Qh4 Qh7 29. Qf6+ Kg8 30. Qg5+ Kf7 31. Qh5+ Ke6 32. g3 Rh8 33. g4 Qxh6 34.
gxf5+ Kf6 35. Qxh6+ Rxh6+ {White resigns} 0-1

[Event "Team 45 45 League T42"]
[Site "Internet Chess Club"]
[Date "2009.08.08"]
[Round "2"]
[White "EyeAm"]
[Black "nozmov"]
[Result "1-0"]
[WhiteElo "1541"]
[BlackElo "1429"]
[Opening "French: exchange variation"]
[ECO "C01"]
[Time "14:00:08"]
[TimeControl "2700+45"]

1. e4 e6 2. d4 d5 3. exd5 exd5 4. c4 Nf6 5. Nf3 c5 6. cxd5 Nxd5 7. Bb5+ Nc6 8.
O-O cxd4 9. Qxd4 a6 10. Bxc6+ bxc6 11. Re1+ Be6 12. Nc3 Nb4 13. Qe4 Qd3 14. Qh4
Nd5 15. Ne5 Be7 16. Qxe7+ Nxe7 17. Nxd3 O-O 18. Nc5 Rfe8 19. Nxe6 Nf5 20. Bf4
Rxe6 21. Rxe6 fxe6 22. Re1 Kf7 23. g3 Rd8 24. Kg2 h6 25. h4 Ne7 26. Rd1 Nd5 27.
Nxd5 Rxd5 28. Rxd5 exd5 29. Kf3 Kf6 30. Ke3 g5 31. hxg5+ hxg5 32. Bc7 Ke6 33. f3
c5 34. b3 Kd7 35. Bb6 Kc6 36. Ba7 a5 37. a4 Kd6 38. f4 c4 39. bxc4 dxc4 40. Kd4
c3 41. Kxc3 gxf4 42. gxf4 Kd5 43. Bb8 Ke4 44. Kc4 Kf5 45. Kb5 Ke6 46. Kxa5 Kf5
47. Kb6 {Black resigns} 1-0

[Event "Team 45 45 League T42"]
[Site "Internet Chess Club"]
[Date "2009.08.09"]
[Round "2"]
[White "tightfist"]
[Black "BotanicalKnight"]
[Result "0-1"]
[WhiteElo "1594"]
[BlackElo "1519"]
[Opening "Bird's opening"]
[ECO "A02"]
[Time "16:01:24"]
[TimeControl "2700+45"]

1. f4 d6 2. Nf3 Bg4 3. e4 e5 4. d3 Nc6 5. Be2 exf4 6. Bxf4 g6 7. O-O Bg7 8. c3
Nf6 9. Qb3 Qd7 10. Nbd2 O-O 11. Rfe1 Nh5 12. Be3 Kh8 13. d4 f5 14. exf5 Bxf5 15.
Bb5 a6 16. Be2 Nf6 17. Kh1 Ne4 18. d5 Nxd2 19. Bxd2 Ne5 20. Nxe5 Bxe5 21. c4 b6
22. Bf3 Bg4 23. Rf1 Qf5 24. Qd1 Qh5 25. Bxg4 Qxh2# {White checkmated} 0-1

[Event "Team 45 45 League T42"]
[Site "Internet Chess Club"]
[Date "2009.08.06"]
[Round "2"]
[White "ticopatzer"]
[Black "frankd"]
[Result "0-1"]
[WhiteElo "1557"]
[BlackElo "1579"]
[Opening "Pirc: Austrian attack, dragon formation"]
[ECO "B09"]
[Time "19:00:16"]
[TimeControl "2700+45"]

1. e4 d6 2. d4 Nf6 3. Nc3 g6 4. f4 Bg7 5. Nf3 c5 6. Bb5+ Bd7 7. e5 Ng4 8. h3
Bxb5 9. Nxb5 Qa5+ 10. Qd2 Qxb5 11. hxg4 Qd7 12. dxc5 dxe5 13. Nxe5 Bxe5 14.
Qxd7+ Nxd7 15. fxe5 Nxe5 16. g5 Rc8 17. b4 b6 18. Bb2 f6 19. gxf6 exf6 20. Rf1
Rf8 21. Bd4 bxc5 22. Bxc5 Rf7 23. Bxa7 Rxa7 24. Rxf6 Rxc2 25. Re6+ Re7 26. Rxe7+
Kxe7 27. b5 Rxg2 28. Kf1 Rh2 29. Re1 Rh1+ 30. Kf2 Rxe1 31. Kxe1 Kd7 32. a4 Kc7
33. a5 Nc4 34. a6 Nd6 35. a7 Kb7 36. b6 Nc8 37. Kf2 Nxb6 38. Kg3 Kxa7 39. Kg4 h6
{White resigns} 0-1

[Event "Team 45 45 League T42"]
[Site "Internet Chess Club"]
[Date "2009.08.07"]
[Round "2"]
[White "Fourclub"]
[Black "trustnicky"]
[Result "1-0"]
[WhiteElo "1456"]
[BlackElo "1415"]
[Opening "Ruy Lopez: Steinitz defense deferred (Russian defense)"]
[ECO "C79"]
[Time "13:00:12"]
[TimeControl "2700+45"]

1. e4 e5 2. Nf3 Nc6 3. Bb5 a6 4. Ba4 Nf6 5. O-O d6 6. Re1 b5 7. Bb3 Bg4 8. c3
Be7 9. h3 Bh5 10. d3 O-O 11. Nbd2 d5 12. g4 Nxg4 13. hxg4 Bxg4 14. Bxd5 Qd6 15.
Bxc6 Qxc6 16. Nxe5 Bxd1 17. Nxc6 Rfe8 18. Nxe7+ Rxe7 19. Rxd1 Re6 20. Nf3 a5 21.
Nd4 Rg6+ 22. Kh2 b4 23. Rg1 Rf6 24. Nf5 g6 25. Bg5 Rc6 26. Ne7+ {Black resigns}
1-0

[Event "Team 45 45 League T42"]
[Site "Internet Chess Club"]
[Date "2009.08.09"]
[Round "2"]
[White "frank001"]
[Black "Zebbile"]
[Result "0-1"]
[WhiteElo "1875"]
[BlackElo "2057"]
[Opening "Alekhine's defense: modern variation, 4...Bg4"]
[ECO "B05"]
[Time "22:02:00"]
[TimeControl "2700+45"]

1. e4 Nf6 2. e5 Nd5 3. d4 d6 4. Nf3 Bg4 5. Be2 e6 6. O-O Be7 7. c4 Nb6 8. h3 Bh5
9. Nc3 O-O 10. Be3 Nc6 11. exd6 cxd6 12. d5 Bxf3 13. gxf3 Ne5 14. b3 Bf6 15. Rc1
Ng6 16. dxe6 fxe6 17. Ne4 Be5 18. Nxd6 Bxd6 19. c5 Nd5 20. cxd6 Ngf4 21. Kh2 Qh4
{White resigns} 0-1

[Event "Team 45 45 League T42"]
[Site "Internet Chess Club"]
[Date "2009.08.06"]
[Round "2"]
[White "pishd"]
[Black "pedrin"]
[Result "1-0"]
[WhiteElo "1718"]
[BlackElo "1082"]
[Opening "Queen's pawn: London system"]
[ECO "A45"]
[Time "14:46:08"]
[TimeControl "2700+45"]

1. d4 Nf6 2. Bf4 d5 3. e3 g6 4. Nf3 Bg7 5. Be2 O-O 6. O-O Nc6 7. h3 Bf5 8. c4
dxc4 9. Bxc4 Nd5 10. Bg3 a6 11. Re1 Na5 12. Bf1 Bc8 13. Qa4 Nc6 14. Nc3 Nxc3 15.
bxc3 Bf5 16. e4 Bd7 17. Qa3 e6 18. Red1 Re8 19. Rac1 e5 20. d5 Nb8 21. c4 Qf6
22. c5 c6 23. d6 Bc8 24. Bc4 Nd7 25. Qe3 h6 26. Bh4 Qf4 27. Qb3 Nxc5 28. Bxf7+
Qxf7 29. Qxf7+ Kxf7 30. Rxc5 Bd7 31. Bg3 b6 32. Rc2 a5 33. Rb2 b5 34. Rc2 Re6
35. Rc5 Rae8 36. a4 Kg8 37. axb5 cxb5 38. Rdd5 b4 39. Rxa5 Bc6 40. Rdc5 Rxd6 41.
Bxe5 Rd1+ 42. Kh2 Bxe4 43. Bxg7 Kxg7 44. Ra7+ Kg8 45. Rcc7 Bxf3 46. Rg7+ Kh8 47.
Rh7+ Kg8 48. gxf3 Ree1 49. Rhb7 Rh1+ 50. Kg3 Rdg1+ 51. Kf4 g5+ 52. Kf5 {Black
resigns} 1-0

[Event "Team 45 45 League T42"]
[Site "Internet Chess Club"]
[Date "2009.08.08"]
[Round "2"]
[White "toukon"]
[Black "andrew28"]
[Result "0-1"]
[WhiteElo "1484"]
[BlackElo "1695"]
[Opening "Sicilian: accelerated fianchetto, Maróczy bind, 6.Be3"]
[ECO "B38"]
[Time "21:14:05"]
[TimeControl "2700+45"]

1. e4 c5 2. Nf3 Nc6 3. d4 cxd4 4. Nxd4 g6 5. c4 Bg7 6. Be3 Nf6 7. Nc3 d6 8. Be2
O-O 9. Qd2 Bd7 10. O-O Rc8 11. b3 Qa5 12. Rad1 a6 13. f3 b5 14. Nxc6 Bxc6 15.
cxb5 Bxb5 16. Nxb5 Qxd2 17. Rxd2 axb5 18. Bxb5 Ne8 19. Bc4 Nc7 20. a4 Ne6 21. a5
Bc3 22. Ra2 Nc5 23. a6 Ra8 24. a7 e6 25. Rd1 Bb4 26. Rxd6 Nxe4 27. Rb6 Nc3 28.
Ra1 Be7 29. Rb7 Bf6 30. Ra5 Rfd8 31. Rc5 Nd1 32. Rcc7 Nxe3 33. Rxf7 Nd5 34. Bxd5
Bd4+ 35. Kf1 exd5 36. Rfd7 Rxd7 37. Rxd7 Rxa7 38. Rxd5 Bf6 39. Rd1 Rb7 40. Rb1
Kf7 41. Ke2 Ke6 42. Kd3 Kd5 43. Kc2 Rb4 44. Rd1+ Rd4 45. Rxd4+ Bxd4 46. Kd3 Bg1
47. h3 Ke5 48. Ke2 Kf4 49. Kf1 Bc5 50. Ke2 Kg3 51. Kf1 h5 52. b4 Bb6 53. Ke2
Kxg2 54. h4 Kg3 55. b5 Kxh4 56. Kf1 Kg3 57. f4 h4 {White resigns} 0-1

[Event "Team 45 45 League T42"]
[Site "Internet Chess Club"]
[Date "2009.08.11"]
[Round "2"]
[White "chess92192"]
[Black "cityprosecutor"]
[Result "1/2-1/2"]
[WhiteElo "1928"]
[BlackElo "1791"]
[Opening "Pirc: Holmov system"]
[ECO "B07"]
[Time "13:59:37"]
[TimeControl "2700+45"]

1. e4 d6 2. d4 Nf6 3. Nc3 g6 4. Bc4 Bg7 5. f3 O-O 6. Be3 Nbd7 7. Qd2 c5 8. Nge2
cxd4 9. Nxd4 Ne5 10. Bb3 Bd7 11. O-O-O Rc8 12. g4 Nc4 13. Bxc4 Rxc4 14. h4 h5
15. gxh5 Nxh5 16. Nd5 e6 {Game drawn by mutual agreement} 1/2-1/2

[Event "Team 45 45 League T42"]
[Site "Internet Chess Club"]
[Date "2009.08.07"]
[Round "2"]
[White "chess9793"]
[Black "hewdondada"]
[Result "1-0"]
[WhiteElo "1872"]
[BlackElo "1746"]
[Opening "Scandinavian (center counter) defense"]
[ECO "B01"]
[Time "20:00:35"]
[TimeControl "2700+45"]

1. e4 d5 2. exd5 Qxd5 3. Nc3 Qa5 4. d4 Nf6 5. Nf3 Ne4 6. Bd2 Nxd2 7. Qxd2 Bf5 8.
Bd3 Bxd3 9. Qxd3 Nd7 10. O-O e6 11. d5 e5 12. Qf5 f6 13. Qe6+ Be7 14. Rad1 Nc5
15. Qg4 O-O 16. b4 f5 17. Qc4 Qa6 18. Nb5 Rf6 19. bxc5 Kh8 20. Nxe5 c6 21. Nc7
{Black resigns} 1-0

[Event "Team 45 45 League T42"]
[Site "Internet Chess Club"]
[Date "2009.08.05"]
[Round "2"]
[White "mugurelt"]
[Black "chess9397"]
[Result "0-1"]
[WhiteElo "1730"]
[BlackElo "1875"]
[Opening "Benko's opening"]
[ECO "A00"]
[Time "16:32:54"]
[TimeControl "2700+45"]

1. g3 e5 2. Bg2 d5 3. d3 Nc6 4. Nf3 Nf6 5. O-O Be7 6. c4 dxc4 7. dxc4 Qxd1 8.
Rxd1 O-O 9. b3 Bf5 10. Nh4 Bd7 11. Nf3 Rfd8 12. Bb2 e4 13. Ne5 Nxe5 14. Bxe5 c6
15. Nc3 e3 16. fxe3 Bf5 17. Rxd8+ Rxd8 18. Rd1 Rxd1+ 19. Nxd1 Ne4 20. Nc3 Nxc3
21. Bxc3 Bb1 22. b4 Bxa2 23. c5 Kf8 24. Kf2 Be6 25. Ke1 a5 26. bxa5 Bxc5 27. Kd2
f6 28. Be4 Kf7 29. Bd4 Bd6 30. Bb6 g6 31. Kd3 Bb4 32. Bf3 Ke7 33. Kd4 Kd6 34.
Kd3 Bc5 35. Bd8 f5 36. e4 fxe4+ 37. Bxe4 Bg1 38. Bf3 Bxh2 39. g4 Be5 40. Bb6 Bf7
41. Ke4 Bd5+ 42. Kd3 Bxf3 43. exf3 Kd5 44. Be3 Bc7 45. Bd2 c5 46. Bc3 c4+ 47.
Ke3 g5 48. Bb4 Bf4+ 49. Ke2 Kd4 50. Be7 c3 51. Bf6+ Kc4 52. Kf1 c2 53. Bb2 Kb3
{White resigns} 0-1

[Event "Team 45 45 League T42"]
[Site "Internet Chess Club"]
[Date "2009.08.11"]
[Round "2"]
[White "TIP"]
[Black "RD1974"]
[Result "1-0"]
[WhiteElo "1699"]
[BlackElo "1635"]
[Opening "English opening"]
[ECO "A10"]
[Time "18:30:36"]
[TimeControl "2700+45"]

1. c4 Nc6 2. b3 e5 3. Bb2 d6 4. e3 Be6 5. d4 exd4 6. exd4 d5 7. Nc3 Bb4 8. cxd5
Bxd5 9. Ne2 Qg5 10. a3 Bxc3+ 11. Nxc3 Bxg2 12. Qe2+ Nge7 13. Ne4 Bxf1 14. Rxf1
Qd5 15. O-O-O O-O-O 16. Nc5 Nf5 17. b4 h5 18. Qb5 Nd6 19. Qd3 Qc4+ 20. Kb1 Qxd3+
21. Rxd3 Nc4 22. d5 Nxb2 23. Kxb2 Ne5 24. Rd4 Nf3 25. Rf4 Nxh2 26. Rh1 Ng4 27.
Rxf7 b6 28. Ne6 Rd7 29. Rxg7 Rxg7 30. Nxg7 Nxf2 31. Rxh5 Rd8 32. Ne6 Rd7 33. Kc3
Ne4+ 34. Kd4 Nf6 35. Rf5 Ng4 36. a4 c6 37. Rf8+ Kb7 38. Nd8+ Kc7 39. Nxc6 a6 40.
Ra8 Kb7 41. Ra7+ Kc8 42. Rxa6 Nf6 43. Ra8+ Kb7 44. Ra7+ Kc8 45. Rxd7 Kxd7 46.
Ne5+ Kd6 47. Nc4+ Kc7 48. Ke5 Nd7+ 49. Ke6 Nf8+ 50. Ke7 Ng6+ 51. Kf6 Nf8 52. b5
Nd7+ 53. Ke7 Nc5 54. d6+ Kc8 55. Nxb6+ Kb7 56. a5 Ka7 57. d7 Nb7 58. d8=Q Nxd8
59. Kxd8 Kb7 60. Kd7 Kb8 61. Kc6 Ka7 62. a6 Kb8 63. Nd7+ Kc8 64. b6 Kd8 65. b7
Ke7 66. b8=Q {Black resigns} 1-0

[Event "Team 45 45 League T42"]
[Site "Internet Chess Club"]
[Date "2009.08.06"]
[Round "2"]
[White "AntonioMendonca"]
[Black "Gregorio"]
[Result "0-1"]
[WhiteElo "1730"]
[BlackElo "2015"]
[Opening "Scotch game"]
[ECO "C45"]
[Time "20:04:13"]
[TimeControl "2700+45"]

1. e4 e5 2. Nf3 Nc6 3. d4 exd4 4. Nxd4 Bc5 5. Be3 Qf6 6. c3 Nge7 7. Bc4 Qg6 8.
O-O Ne5 9. Be2 Qb6 10. b3 a5 11. a4 O-O 12. Na3 d5 13. f3 dxe4 14. fxe4 Be6 15.
c4 Rad8 16. Nac2 N7c6 {White resigns} 0-1